 Dungeon Sprint DCSS version 0.30-a0-879-ga8ba668304 (webtiles) character file.

Game seed: 12581066056666764521

234 fozzywoppz the Trooper (level 6, -1/42 HPs)
             Began as a Gargoyle Monk on Mar 13, 2023.
             Was a Believer of Vehumet.
             Slain by a troll (6 damage)
             ... in the Dungeon (Sprint IX: "|||||||||||||||||||||||||||||").
             The game lasted 00:03:02 (201 turns).

fozzywoppz the Trooper (Gargoyle Monk)               Turns: 201, Time: 00:03:03

Health: -1/42      AC: 17    Str: 15    XL:     6   Next: 5%
Magic:  6/6        EV:  8    Int: 10    God:    Vehumet [**....]
Gold:   0          SH:  0    Dex: 14    Spells: 5/5 levels left

rFire   . . .      SeeInvis .      - Unarmed
rCold   . . .      Faith    .    (no shield)
rNeg    + . .      Spirit   .    n - +1 chain mail
rPois   ∞          Reflect  .    (no helmet)
rElec   +          Rampage  .    (no cloak)
rCorr   .          NoTele   +    l - +0 pair of gloves
Will    .....                    m - +0 pair of boots Stlth
                                 (no amulet)
HPRegen 0.27/turn                (no ring)
MPRegen 0.10/turn                (no ring)

@: confused, ambrosia-drunk
A: sickness immunity, AC +4, negative energy resistance 1, electricity
resistance, torment resistance 1, petrification resistance
a: Renounce Religion


You were in the Dungeon.
You worshipped Vehumet.
Vehumet was pleased with you.
You visited 1 branch

Inventory:

Hand Weapons
 k - a +1 broad axe of freezing
Armour
 a - a +0 robe
 l - a +0 pair of gloves (worn)
 m - a +0 pair of boots (worn)
 n - a +1 chain mail (worn)
Jewellery
 o - a +2 ring of evasion
 p - a +3 ring of dexterity
Wands
 j - a wand of acid (10)
Scrolls
 h - 2 scrolls of blinking
 i - 2 scrolls of amnesia
Potions
 c - 5 potions of curing
 d - 3 potions of heal wounds
 e - a potion of haste
 f - 4 potions of magic
 g - a potion of invisibility


   Skills:
 + Level 6.8 Fighting
 + Level 5.4 Armour
 + Level 5.1 Dodging
 - Level 6.6 Stealth
 + Level 6.2 Unarmed Combat


You had 5 spell levels left.
You didn't know any spells.
Your spell library was empty.

Dungeon Overview and Level Annotations

Branches:
Dungeon (1/1)

Altars:
Cheibriados
Dithmenos
Elyvilon
Fedhas
Gozag
Hepliaklqana
Kikubaaqudgha
Makhleb
Nemelex Xobeh
Okawaru
Qazlal
Ru
Sif Muna
Trog
Uskayaw
Vehumet
Wu Jian
Xom
Yredelemnul
Zin
The Shining One
Jiyva
Lugonu


Innate Abilities, Weirdness & Mutations

You are immune to sickness and miasma.
Your stone body is resilient. (AC +4)
You are immune to poison.
You resist negative energy. (rN+)
You are resistant to electric shocks. (rElec)
You are resistant to unholy torment.
You are immune to petrification.


Message History

You punch the orc wizard!
You kill the orc wizard!
Vehumet accepts your kill.
You have reached level 6!
Okay, then.
You hit the troll.
The troll is lightly wounded.
You hit the troll but do no damage.
The troll is lightly wounded.
The troll bites you. The troll barely misses you.
The troll claws you but does no damage.
You hit the troll.
The troll is lightly wounded.
The troll completely misses you. The troll claws you. The troll claws you!
You hit the troll.
The troll is lightly wounded.
The troll bites you but does no damage. The troll closely misses you.
The troll claws you but does no damage.
You closely miss the troll.
The troll is lightly wounded.
The troll bites you. The troll claws you.
The troll claws you but does no damage.
You closely miss the troll.
The troll is lightly wounded.
The troll bites you but does no damage. The troll claws you but does no damage.
The troll closely misses you.
Unknown command.
You closely miss the troll. The troll bites you but does no damage.
The troll claws you but does no damage. The troll claws you.
* * * LOW HITPOINT WARNING * * *
You are confused.
You feel invigorated. The troll bites you.
* * * LOW HITPOINT WARNING * * *
The troll claws you but does no damage. x2
Unknown command.
You bump into the unnaturally hard rock wall.
The troll bites you!
* * * LOW HITPOINT WARNING * * *
The troll claws you.
You die... ▓▓▓▓▓▓▓▓▓▓▓▓▓▓▓▓▓▓▓▓▓▓▓▓ ..gTyTT@.....)..'_______ ▓▓▓▓▓▓▓▓▓▓▓▓▓▓▓▓▓▓▓▓▓▓▓▓

You could see 3 trolls, a gnoll sergeant and a killer bee.

Vanquished Creatures
  An ogre (D)
  A scorpion (D)
  A hound (D)
  An iguana (D)
  An orc wizard (D)
  An orc (D)
  A goblin (D)
  3 hobgoblins (D)
  A frilled lizard (D)
11 creatures vanquished.

Notes
Turn   | Place    | Note
-------+----------+-------------------------------------------
     0 | D        | fozzywoppz the Gargoyle Monk began the quest for the Orb.
     0 | D        | Reached XP level 1. HP: 14/14 MP: 1/1
    34 | D        | Noticed an ogre
    34 | D        | Noticed a hound
    34 | D        | Noticed an iguana
    34 | D        | Noticed a scorpion
    37 | D        | Reached XP level 2. HP: 20/20 MP: 2/2
    41 | D        | Killed a scorpion
    42 | D        | Reached skill level 5 in Fighting
    42 | D        | Reached XP level 3. HP: 26/26 MP: 3/3
    42 | D        | Reached XP level 4. HP: 31/31 MP: 4/4
    44 | D        | Reached skill level 5 in Stealth
    48 | D        | Reached skill level 5 in Unarmed Combat
    48 | D        | Reached XP level 5. HP: 36/36 MP: 5/5
    51 | D        | Killed an ogre
    52 | D        | Reached skill level 5 in Armour
    52 | D        | Reached skill level 5 in Dodging
    57 | D        | Found a snail-covered altar of Cheibriados.
    57 | D        | Found a shadowy altar of Dithmenos.
    57 | D        | Found a white marble altar of Elyvilon.
    57 | D        | Found a blossoming altar of Fedhas.
    57 | D        | Found an opulent altar of Gozag.
    58 | D        | Found a hazy altar of Hepliaklqana.
    59 | D        | Found a viscous altar of Jiyva.
    60 | D        | Found an ancient bone altar of Kikubaaqudgha.
    61 | D        | Found a corrupted altar of Lugonu.
    62 | D        | Found a burning altar of Makhleb.
    63 | D        | Found a sparkling altar of Nemelex Xobeh.
    64 | D        | Found an iron altar of Okawaru.
    65 | D        | Found a stormy altar of Qazlal.
    66 | D        | Found a sacrificial altar of Ru.
    67 | D        | Found a shimmering blue altar of Sif Muna.
    68 | D        | Found a bloodstained altar of Trog.
    69 | D        | Found a hide-covered altar of Uskayaw.
    70 | D        | Found a radiant altar of Vehumet.
    71 | D        | Found an ornate altar of the Wu Jian Council.
    72 | D        | Found a shimmering altar of Xom.
    73 | D        | Found a basalt altar of Yredelemnul.
    74 | D        | Found a glowing silver altar of Zin.
    75 | D        | Found a glowing golden altar of the Shining One.
   134 | D        | Became a worshipper of Vehumet
   134 | D        | Reached * piety under Vehumet
   134 | D        | Offered knowledge of Foxfire by Vehumet.
   134 | D        | Reached ** piety under Vehumet
   186 | D        | Noticed a troll
   186 | D        | Noticed a troll
   186 | D        | Noticed a troll
   193 | D        | Reached XP level 6. HP: 38/42 MP: 6/6
   201 | D        | Slain by a troll

Illustrated notes

Levels and vault maps discovered:
D:        linesprint [early_d, line_temple, items_1, d_10, items_2, lair_1,
          lair_end, items_3, orc_1, orc_end, items_4, d_15, swamp_1, shoals_1,
          snake_1, spider_1, d_20, vaults_1, items_5, swamp_end, shoals_end,
          snake_end, spider_end, vaults_end, d_27, items_6, zot_1, zot_end,
          crypt_end, forest_end, elf_end, slime_end, tomb_end, abyss_end,
          pan_hell_end]

Skill      XL: |  1  2  3  4  5 |
---------------+----------------+-----
Stealth        | 3 4 5 6 |  6.6
Fighting       | 5 6 |  6.8
Armour         | 2 4 5 |  5.4
Dodging        | 3 4 5 |  5.1
Unarmed Combat | 4 5 6 |  6.2

Action                     |  1- 3 |  4- 6 || total
---------------------------+-------+-------++-------
  Melee: Unarmed           |    27 |    23 ||    50
         Punch             |       |     1 ||     1
    Use: Potion            |     1 |     1 ||     2
 Armour: Robe              |     6 |     1 ||     7
         Chain mail        |       |    11 ||    11
  Dodge: Dodged            |    11 |     9 ||    20

Table legend: (Time is in decaauts)
 A = Elapsed time spent in this place.
 B = Non-inter-level travel time spent in this place.
 C = Inter-level travel time spent in this place.
 D = Time resting spent in this place.
 E = Time spent auto-exploring this place.
 F = Levels seen in this place.
 G = Mean time per level.
                   A        B        C        D        E       F      G
               +--------+--------+--------+--------+--------+-----+--------+
         Total |    204 |    204 |      0 |      0 |      0 |   1 |  204.0 |
       Dungeon |    204 |    204 |      0 |      0 |      0 |   1 |  204.0 |
               +--------+--------+--------+--------+--------+-----+--------+

Top non-repeatable levels by time:
       D: 204 daAuts
